 Dungeon Crawl Stone Soup version 0.29-a0-330-g52719c12eb (webtiles) character file.

Game seed: 16438413231080592144

98 sizableburger the Bolt Thrower (level 4, -2/32 HPs)
             Began as a Mummy Arcane Marksman on Apr 12, 2022.
             Slain by a bullfrog (6 damage)
             ... on level 3 of the Dungeon.
             The game lasted 00:05:57 (2991 turns).

sizableburger the Bolt Thrower (MuAM)               Turns: 2991, Time: 00:05:58

Health: -2/32      AC:  4    Str: 13    XL:     4   Next: 44%
Magic:  3/7        EV: 12    Int: 14    God:
Gold:   141        SH:  0    Dex: 12    Spells: 3/7 levels left

rFire   x . .      SeeInvis .   a - +0 hand crossbow
rCold   + + .      Faith    .   (no shield)
rNeg    + + +      Spirit   .   b - +0 robe
rPois   ∞          Reflect  .   h - +1 helmet
rElec   .          Harm     .   (no cloak)
rCorr   .          Rampage  .   (no gloves)
Will    .....                   (no boots)
Stlth   +.........              (no amulet)
HPRegen 0.10/turn               e - ring of protection from cold
MPRegen 0.10/turn               (no ring)

@: no status effects
A: cold resistance 1, negative energy resistance 3, torment resistance 2, heat
vulnerability 1, in touch with death 1, no potions
a: no special abilities


You were on level 3 of the Dungeon.
You visited 1 branch of the dungeon, and saw 3 of its levels.

You collected 141 gold pieces.

Inventory:

Hand Weapons
 a - a +0 hand crossbow (weapon)
Armour
 b - a +0 robe (worn)
 h - a +1 helmet (worn)
Jewellery
 e - a ring of protection from cold (left hand)
Scrolls
 c - a scroll of vulnerability
 d - a scroll of holy word
 f - 3 scrolls of identify
 g - 2 scrolls of amnesia


   Skills:
 - Level 1.0 Fighting
 + Level 3.2 Crossbows
 - Level 1.5 Dodging
 + Level 2.4 Spellcasting
 - Level 2.7 Hexes
 + Level 1.1 Ice Magic


You had 3 spell levels left.
You knew the following spells:

 Your Spells              Type           Power      Damage    Failure   Level
a - Slow                  Hex            36%        N/A       8%          1
b - Frozen Ramparts       Ice            8%         1d2       41%         3

Your spell library contained the following spells:

 Spells                   Type           Power      Damage    Failure   Level
 Freeze                   Ice            16%        1d4       14%         1
 Apportation              Tloc           2%         N/A       22%         1
 Sting                    Tmut/Pois      4%         1d3       22%         1
 Poisonous Vapours        Pois/Air       2%         N/A       34%         2
 Inner Flame              Hex/Fire       5%         N/A       36%         3
 Portal Projectile        Hex/Tloc       10%        N/A       36%         3
 Cause Fear               Hex            4%         N/A       58%         4
 Hailstorm                Conj/Ice       3%         3d3       88%         4
 Summon Ice Beast         Ice/Summ       3%         N/A       88%         4
 Olgreb's Toxic Radiance  Pois           1%         N/A       92%         4
 Summon Mana Viper        Hex/Summ       5%         N/A       98%         5
 Alistair's Intoxication  Tmut/Pois      0%         N/A       99%         5
 Monstrous Menagerie      Summ           0%         N/A       100%        7


Dungeon Overview and Level Annotations

Branches:
Dungeon (3/15)

Altars:

Shops:
D:1 :


Innate Abilities, Weirdness & Mutations

You are immune to poison.
Your flesh is cold resistant. (rC+)
You are immune to negative energy. (rN+++)
You are immune to unholy pain and torment.
You are vulnerable to heat. (rF-)
You are in touch with the powers of death.
You do not drink.


Message History

d - a scroll of holy word The bullfrog barely misses you.
The orc closely misses you.
As you read the scroll labelled WOAKIR HOCH, it crumbles to dust.
You feel a surge of unholy energy.
The bullfrog convulses!
The orc convulses!
It was a scroll of torment.
The bullfrog hits you.
* * * LOW HITPOINT WARNING * * *
The orc misses you.
As you read the scroll labelled IQUABA KAWKEUXA, it crumbles to dust.
You feel aware of your surroundings.
It was a scroll of magic mapping.
The bullfrog releases a deep croak.
The bullfrog hits you.
* * * LOW HITPOINT WARNING * * *
The orc barely misses you.
You can't drink.
You aren't carrying any items that you can evoke.
Unknown command.
The bullfrog is no longer moving slowly.
Casting: Slow (safe; 8% risk of failure)
Confirm with . or Enter, or press ? or * to list all spells.
Aiming: Slow (safe; 8% risk of failure)
Press: ? - help, Shift-Dir - straight line, f/p - bullfrog
Aim: a bullfrog (heavily wounded, chance to affect: 47%)
The bullfrog resists with some effort.
The bullfrog closely misses you.
Unknown command.
Casting: Slow (safe; 8% risk of failure)
Confirm with . or Enter, or press ? or * to list all spells.
Aiming: Slow (safe; 8% risk of failure)
Press: ? - help, Shift-Dir - straight line, f/p - bullfrog
Aim: a bullfrog (heavily wounded, chance to affect: 47%)
The bullfrog resists with some effort.
The bullfrog hits you.
* * * LOW HITPOINT WARNING * * *
The bullfrog hits you but does no damage.
The orc throws a poisoned dart.
The poisoned dart closely misses you.
Casting: Slow (safe; 8% risk of failure)
Confirm with . or Enter, or press ? or * to list all spells.
Aiming: Slow (safe; 8% risk of failure)
Press: ? - help, Shift-Dir - straight line, f/p - bullfrog
Aim: a bullfrog (heavily wounded, chance to affect: 47%)
The bullfrog resists with some effort.
The bullfrog hits you.
You die...

,,,,,,,...,,,,,,#.#*,,,,,,,*,*,,,
,,,***,,..,,,,,,#.#***,***,*,,***
,,,* ***#.******#.# *,,,,,*,**
,,,* ##.#######.# *****,,*****
,,,* #!.......#.#### *,*<,,,,
**** #...>..=......# *,*****,
#.......o.....# *,* *,
###....#F!....# *,*****,
#....#.@....# *,*,,,,,
#....#......# ***,*,****
########....###.#### *,,,,,,,,*
#...........# #.# *,,,,,,,,*
#...........# #<# *,,,,,,,,*
#...........###.# *,,,,,,,,*
#............##!# *,,,,,,,,*
#............##.# **********
#......[####..#.#


You could see a bullfrog and an orc.

Vanquished Creatures
  An orc priest (D:2)
  An adder (D:2)
  3 dart slugs
  2 worms
  An orc (D:3)
  3 ball pythons
  5 endoplasms
  5 goblins
  5 hobgoblins
  3 jackals (D:1)
  2 quokkas (D:1)
  3 bats
  5 kobolds
  5 rats
44 creatures vanquished.

Notes
Turn   | Place    | Note
-------+----------+-------------------------------------------
     0 | D:1      | sizableburger the Mummy Arcane Marksman began the quest for
                  | the Orb.
     0 | D:1      | Reached XP level 1. HP: 15/15 MP: 2/2
   181 | D:1      | Reached skill level 2 in Crossbows
   235 | D:1      | Reached XP level 2. HP: 21/21 MP: 4/4
   710 | D:1      | Gained mutation: You are in touch with the powers of death.
                  | [Mummy growth]
   710 | D:1      | Reached XP level 3. HP: 26/26 MP: 5/5
   847 | D:1      | Found Kecoc's Book Emporium.
  1232 | D:1      | Found a faded altar of an unknown god.
  1438 | D:2      | Reached skill level 3 in Crossbows
  1450 | D:2      | Learned a level 3 spell: Frozen Ramparts
  2509 | D:2      | Reached skill level 1 in Ice Magic
  2509 | D:2      | Reached XP level 4. HP: 16/32 MP: 4/7
  2972 | D:3      | Noticed a bullfrog
  2991 | D:3      | Slain by a bullfrog

Illustrated notes

Levels and vault maps discovered:
D:1:      minmay_arrival_split_and_join, layout_loops_ring, serial_shops,
          shop_statue, shapermc_ecumenical_altar_hornbeckon
D:2:      layout_basic
D:3:      layout_basic, minmay_cut_off

Skill      XL: |  1  2  3 |
---------------+----------+-----
Crossbows      | 2 3 |  3.2
Spellcasting   | 2 |  2.4
Ice Magic      | 1 |  1.1
Fighting       | |  1.0
Dodging        | |  1.5
Hexes          | |  2.7

Action                   |  1- 3 |  4- 6 || total
-------------------------+-------+-------++-------
 Fire: Hand crossbow     |   138 |    30 ||   168
 Cast: Slow              |     3 |    15 ||    18
  Use: Scroll            |       |     4 ||     4
Armor: Robe              |    14 |     7 ||    21
Dodge: Dodged            |    43 |    28 ||    71

Table legend: (Time is in decaauts)
 A = Elapsed time spent in this place.
 B = Non-inter-level travel time spent in this place.
 C = Inter-level travel time spent in this place.
 D = Time resting spent in this place.
 E = Time spent auto-exploring this place.
 F = Levels seen in this place.
 G = Mean time per level.
                   A        B        C        D        E       F      G
               +--------+--------+--------+--------+--------+-----+--------+
         Total |   3057 |   2837 |    220 |    466 |   1963 |   3 | 1019.0 |
       Dungeon |   3057 |   2837 |    220 |    466 |   1963 |   3 | 1019.0 |
               +--------+--------+--------+--------+--------+-----+--------+

Top non-repeatable levels by time:
     D:1: 1398 daAuts
     D:2: 1289 daAuts
     D:3: 368 daAuts
